 Dungeon Crawl Stone Soup version 0.21-a0-178-g0b87683 (webtiles) character file.

35765 namelastname112 the Carver (level 13, -13/178 HPs)
             Began as a Red Draconian Wanderer on Aug 9, 2017.
             Was an Initiate of Gozag.
             Mangled by a manticore (17 damage)
             ... on level 14 of the Dungeon.
             The game lasted 00:30:25 (19725 turns).

namelastname112 the Carver (DrWn)                  Turns: 19725, Time: 00:30:26

Health: -13/178    AC: 12    Str: 23    XL:     13   Next: 49%
Magic:  0/20       EV: 19    Int: 11    God:    Gozag
Gold:   3772       SH:  0    Dex: 14    Spells: 12/12 levels left

rFire    + . .     SeeInvis .   q - +2 great sword (holy)
rCold    + . .     Gourm    .   (shield currently unavailable)
rNeg     . . .     Faith    .   (armour unavailable)
rPois    .         Spirit   +   (helmet restricted)
rElec    .         Reflect  .   S - +1 cloak
rCorr    .         Harm     .   B - +0 pair of gloves
MR       .....                  s - +0 pair of boots
Stlth    ..........             N - amulet of guardian spirit
HPRegen  0.39/turn              v - ring of stealth
MPRegen  0.17/turn              y - ring of protection from cold

@: berserking, short of breath, barbed spikes, gold aura, very quick
A: breathe fire, unfitting armour, fire resistance 1, cold-blooded, AC +8
a: Breathe Fire, Potion Petition, Call Merchant, Bribe Branch, Renounce Religion


You were on level 14 of the Dungeon.
You worshipped Gozag.
Gozag was most pleased with you.
You were not hungry.

You visited 2 branches of the dungeon, and saw 15 of its levels.
You also visited: Sewer and Bailey.

You collected 3839 gold pieces.
You paid 67 gold pieces to Gozag.

Inventory:

Hand Weapons
 a - a +2 mace
 o - a +1 dagger of draining
 q - a +2 great sword of holy wrath (weapon)
 w - a +2 long sword of distortion
Armour
 s - a +0 pair of boots (worn)
 B - a +0 pair of gloves (worn)
 S - a +1 cloak (worn)
Jewellery
 p - an uncursed ring of stealth
 v - a ring of stealth (left hand)
 y - a ring of protection from cold (right hand)
 E - an uncursed ring of stealth
 N - an amulet of guardian spirit (around neck)
 T - a cursed ring of teleportation {unknown}
Wands
 r - a wand of confusion (17/48)
 z - a wand of flame (16/48)
 F - a wand of digging (15/24)
 J - a wand of random effects (15/48)
 L - a wand of acid (2/15)
 M - a wand of digging (7/24)
 O - a wand of enslavement (18/24)
 U - a wand of lightning (3/15)
Scrolls
 g - 3 scrolls of fog
 k - 5 scrolls of enchant weapon
 m - 2 scrolls of blinking
 n - 3 scrolls of noise
 x - 4 scrolls of remove curse
 D - a scroll of amnesia
 H - a scroll of enchant armour
 R - a scroll of fear
Potions
 b - 3 potions of lignification
 e - 2 potions of flight
 f - 3 potions of cancellation
 h - 8 potions of curing
 i - 2 potions of brilliance {unknown}
 j - a potion of ambrosia {unknown}
 l - 4 potions of haste
 t - a potion of resistance
 u - 4 potions of heal wounds
 A - a potion of agility
 C - a potion of might {unknown}
 K - a potion of berserk rage
 X - 2 potions of mutation {unknown}
Books
 c - a book of Maledictions

   Spells                             Type                      Level
   a - Corona                         Hexes                        1
   b - Ensorcelled Hibernation        Hexes/Ice                    2
   c - Confuse                        Hexes                        3
   d - Tukima's Dance                 Hexes                        3
   e - Dazzling Spray                 Conjuration/Hexes            3
 G - a book of Changes

   Spells                             Type                      Level
   a - Beastly Appendage              Transmutation                1
   b - Sticks to Snakes               Transmutation                2
   c - Spider Form                    Transmutation/Poison         3
   d - Ice Form                       Ice/Transmutation            4
   e - Blade Hands                    Transmutation                5
 I - a book of Necromancy

   Spells                             Type                      Level
   a - Pain                           Necromancy                   1
   b - Animate Skeleton               Necromancy                   1
   c - Vampiric Draining              Necromancy                   3
   d - Regeneration                   Charms/Necromancy            3
   e - Animate Dead                   Necromancy                   4
   f - Control Undead                 Necromancy                   4
 Q - a book of Callings

   Spells                             Type                      Level
   a - Summon Small Mammal            Summoning                    1
   b - Call Imp                       Summoning                    2
   c - Call Canine Familiar           Summoning                    3
   d - Summon Guardian Golem          Hexes/Summoning              3
   e - Summon Lightning Spire         Summoning/Air                4
   f - Summon Ice Beast               Ice/Summoning                4
Comestibles
 d - 11 bread rations
 W - a royal jelly
 Y - a fruit


   Skills:
 + Level 12.8 Fighting
 * Level 13.6 Long Blades
   Level 1.0(2.1) Axes
 - Level 3.0(3.1) Maces & Flails
 - Level 1.0 Throwing
 + Level 10.6 Dodging
 - Level 1.0 Stealth
 + Level 9.8 Evocations


You had 12 spell levels left.
You didn't know any spells.

Dungeon Overview and Level Annotations

Branches:
Dungeon (14/15)            Temple (1/1) D:4            Lair (0/6) D:9
    Orc (0/2) D:10         Vaults (0/5) D:14

Altars:
Ashenzari
Cheibriados
Dithmenos
Elyvilon
Fedhas
Gozag
Hepliaklqana
Kikubaaqudgha
Makhleb
Nemelex Xobeh
Okawaru
Qazlal
Ru
Sif Muna
Trog
Uskayaw
Vehumet
Wu Jian
Yredelemnul
Zin
The Shining One

Shops:
D:5 !

Portals:
Labyrinth: D:14

Annotations:
Abyss:1 Erica


Innate Abilities, Weirdness & Mutations

You can breathe blasts of fire.
Your fiery red scales are hard. (AC +8)
You cannot fit into any form of body armour.
Your flesh is heat resistant. (rF+)
You are cold-blooded and may be slowed by cold attacks.


Message History

The tengu warrior hits you with a great mace.
* * * LOW HITPOINT WARNING * * *
The tengu warrior closely misses you. The tengu warrior claws you.
* * * LOW HITPOINT WARNING * * *
You take 5 damage, and have 10/178 hp.
You closely miss the manticore.
The manticore is lightly wounded.
The manticore closely misses you. x3
You hit the manticore.
The manticore is lightly wounded.
The tengu warrior closely misses you.
You riposte.
You slice the tengu warrior!!
The tengu warrior is almost dead.
The tengu warrior completely misses you. x2
The tengu warrior hits you with a great mace!
* * * LOW HITPOINT WARNING * * *
The tengu warrior pecks you but does no damage.
The tengu warrior misses you. The manticore bites you!
You die...
Your body crumbles into a pile of gold.

#.....#.........####............
#.....#.........#...!...........
#.....#.........#............%..
#.....'.........#...............
#.....#.........#.......<.......
#.....#.........#.......########
#.....####+######$......#
#...... ......HQQ.......#
#...... ###'##@#.......#
.....<.. #......#.......#
....... #......#.........
#......#Q........#
########.........# ....∩....
#######


You could see 2 tengu warriors and a manticore.

Vanquished Creatures
  Rupert (D:14)
  A rakshasa (D:13)
  2 hydras
  4 centaur warriors
  An ice dragon (D:13)
  4 two-headed ogres
  Sonja (D:13)
  3 skeletal warriors (D:12)
  2 unseen horrors
  The ghost of Dominolapin the Destroyer, a novice TeAE of Vehumet (Bailey)
  A cyclops (D:9)
  A manticore (D:12)
  4 orc knights (Bailey)
  An ugly thing (D:11)
  3 centaur skeletons
  3 gargoyles
  A kobold demonologist (D:10)
  3 polar bears (D:13)
  2 hippogriffs (D:11)
  A troll (D:14)
  6 slime creatures
  Prince Ribbit (D:8)
  4 shadows
  16 yaks
  A wraith (D:12)
  3 hungry ghosts
  An acid dragon (D:11)
  A sky beast (D:9)
  14 orc warriors
  4 phantoms
  4 ice beasts
  5 ogres
  20 centaurs
  3 crocodiles
  17 big kobolds
  Blork the orc (D:4)
  2 bullfrogs
  4 scorpions
  6 howler monkeys
  9 wights
  An electric eel (D:10)
  A centaur zombie (D:8)
  A bullfrog zombie (D:10)
  4 crimson imps
  2 quasits
  7 orc priests
  A jelly (D:13)
  8 hounds
  6 orc wizards
  A bullfrog skeleton (D:10)
  7 worker ants
  2 killer bee zombies
  4 hound skeletons
  9 adders
  A gnoll (D:13)
  2 shadow imps
  3 oozes
  An adder skeleton (D:4)
  An adder zombie (D:7)
  5 worms
  2 dart slugs
  10 leopard geckos
  89 orcs
  9 giant cockroaches
  13 goblins
  7 hobgoblins
  15 jackals
  8 quokkas
  4 ball pythons
  10 bats
  9 frilled lizards
  28 kobolds
  3 leopard gecko skeletons
  11 rats
447 creatures vanquished.

Vanquished Creatures (others)
  2 two-headed ogres (D:11)
  2 orc knights (Bailey)
  2 ugly things
  A kobold demonologist (D:11)
  2 hippogriffs
  A yak (D:8)
  An orc warrior (D:10)
  2 centaurs (D:11)
  A crocodile (D:10)
  2 bullfrogs
  2 big kobolds (D:10)
  3 wights (D:9)
  A howler monkey (D:10)
  A bullfrog zombie (D:10)
  A jelly (D:11)
  A hound (D:12)
  An orc priest (D:9)
  An iguana (D:12)
  2 orc wizards
  A river rat (D:5)
  3 orcs
33 creatures vanquished.

Grand Total: 480 creatures vanquished

Notes
Turn   | Place    | Note
-------+----------+-------------------------------------------
     0 | D:1      | namelastname112 the Draconian Wanderer began the quest for the Orb.
     0 | D:1      | namelastname112 set off with: a +2 mace, a potion of lignification, a scroll of teleportation, a bread ration
     0 | D:1      | Reached XP level 1. HP: 22/22 MP: 1/1
    69 | D:1      | Reached skill level 1 in Dodging
    92 | D:1      | Reached XP level 2. HP: 11/28 MP: 2/2
   538 | D:1      | Reached XP level 3. HP: 8/35 MP: 3/3
   545 | D:1      | Reached skill level 5 in Fighting
  1277 | D:2      | Reached XP level 4. HP: 42/42 MP: 4/4
  2677 | D:4      | Found a staircase to the Ecumenical Temple.
  2706 | D:4      | Reached XP level 5. HP: 50/50 MP: 5/5
  2716 | Temple   | Entered the Ecumenical Temple
  2788 | Temple   | Became a worshipper of Gozag Ym Sagoz the Greedy
  2839 | D:4      | Noticed a phantom
  2840 | D:4      | Noticed Blork the orc
  2892 | D:4      | HP: 1/50 [Blork the orc/glaive (10)]
  2901 | D:4      | Killed Blork the orc
  2935 | D:4      | Killed a phantom
  2935 | D:4      | Reached XP level 6. HP: 16/58 MP: 6/6
  3679 | D:4      | Your scales start taking on a fiery red colour.
  3679 | D:4      | Reached XP level 7. HP: 63/66 MP: 7/7
  3679 | D:4      | Gained mutation: Your flesh is heat resistant. (rF+) [Red Draconian growth]
  3989 | D:5      | Entered Level 5 of the Dungeon
  4041 | D:5      | Found Luguowuu's Distillery.
  4083 | D:5      | Reached skill level 1 in Long Blades
  4086 | D:5      | Reached skill level 1 in Evocations
  4326 | D:5      | Reached skill level 2 in Long Blades
  4372 | D:5      | Found a glowing golden altar of the Shining One.
  4393 | D:5      | Reached skill level 5 in Dodging
  4420 | D:5      | Reached skill level 3 in Long Blades
  4420 | D:5      | Reached XP level 8. HP: 41/74 MP: 9/9
  4489 | D:5      | Found a glowing drain.
  4500 | Sewer    | Entered a sewer
  5051 | D:6      | Found a blossoming altar of Fedhas.
  5312 | D:6      | Reached skill level 4 in Long Blades
  5881 | D:7      | Found a hide-covered altar of Uskayaw.
  6090 | D:7      | Reached skill level 5 in Long Blades
  6525 | D:8      | Reached XP level 9. HP: 82/82 MP: 11/11
  6581 | D:8      | Reached skill level 6 in Long Blades
  6712 | D:8      | Noticed Prince Ribbit
  6744 | D:8      | Noticed Erica
  6759 | D:8      | Killed Prince Ribbit
  6974 | D:8      | Noticed a two-headed ogre
  6986 | D:8      | Killed a two-headed ogre
  6986 | D:8      | Reached skill level 7 in Long Blades
  6986 | D:8      | Reached skill level 5 in Evocations
  7061 | D:8      | Banished Erica
  7061 | D:8      | Reached XP level 10. HP: 91/91 MP: 12/14
  7309 | D:9      | Noticed a cyclops
  7314 | D:9      | Reached skill level 8 in Long Blades
  7319 | D:9      | Killed a cyclops
  7419 | D:9      | Found a staircase to the Lair.
  8344 | D:10     | Entered Level 10 of the Dungeon
  8688 | D:10     | Reached skill level 10 in Fighting
  9150 | D:10     | Reached skill level 9 in Long Blades
  9214 | D:9      | HP: 4/93 [poisoned by a big kobold]
  9219 | D:9      | HP: 2/93 [poisoned by a big kobold]
  9224 | D:9      | HP: 2/93 [poisoned by a big kobold]
  9231 | D:9      | HP: 1/93 [poisoned by a big kobold]
  9239 | D:9      | HP: 1/93 [poisoned by a big kobold]
 10309 | D:10     | Found a staircase to the Orcish Mines.
 10386 | D:10     | Reached XP level 11. HP: 101/101 MP: 15/15
 11562 | D:11     | Killed an unseen horror
 11575 | D:11     | Noticed a green ugly thing
 11578 | D:11     | Reached skill level 10 in Long Blades
 11587 | D:11     | Banished a green ugly thing
 11746 | D:11     | Noticed a cyan ugly thing
 11774 | D:11     | Killed a cyan ugly thing
 12063 | D:11     | Noticed a two-headed ogre
 12071 | D:11     | Banished a two-headed ogre
 12152 | D:11     | Noticed a two-headed ogre
 12157 | D:11     | Noticed a five-headed hydra
 12402 | D:11     | Banished a two-headed ogre
 12464 | D:11     | Killed a seven-headed hydra
 13071 | D:11     | Noticed a two-headed ogre
 13078 | D:11     | Killed a two-headed ogre
 13078 | D:11     | Reached skill level 11 in Long Blades
 13923 | D:12     | Noticed a skeletal warrior
 13941 | D:12     | Killed a skeletal warrior
 13981 | D:12     | Found a flagged portal.
 13988 | Bailey   | Entered a bailey
 14585 | Bailey   | Noticed Dominolapin's ghost (novice TeAE)
 14597 | Bailey   | Killed Dominolapin's ghost
 14597 | Bailey   | Reached XP level 12. HP: 83/110 MP: 12/18
 14853 | Bailey   | Goblin1989: это их откуда столько
 14869 | Bailey   | Goblin1989: ?
 15236 | Bailey   | namelastname112: ну
 15236 | Bailey   | namelastname112: бейли
 15455 | D:12     | Noticed a two-headed ogre
 15727 | D:12     | Noticed a five-headed hydra
 15735 | D:12     | Killed an eight-headed hydra
 16069 | D:12     | Killed a two-headed ogre
 16069 | D:12     | Reached skill level 12 in Long Blades
 16257 | D:12     | Noticed a two-headed ogre
 16524 | D:12     | Killed a two-headed ogre
 16591 | D:12     | Noticed a centaur warrior
 16604 | D:12     | Killed a centaur warrior
 17134 | D:12     | Reached skill level 10 in Dodging
 17322 | D:13     | Identified a scroll of acquirement
 17678 | D:13     | Noticed a centaur warrior
 17679 | D:13     | Noticed Sonja
 17688 | D:13     | Killed Sonja
 17750 | D:13     | Noticed a centaur warrior
 17762 | D:13     | Killed a centaur warrior
 17763 | D:13     | Reached XP level 13. HP: 24/118 MP: 7/19
 17992 | D:13     | Reached skill level 13 in Long Blades
 19622 | D:14     | Found a gate to the Vaults.
 19706 | D:14     | Found a labyrinth entrance.
 19706 | D:14     | Noticed Rupert
 19717 | D:14     | Killed Rupert
 19725 | D:14     | HP: 4/178 [tengu warrior/great mace (7)]
 19725 | D:14     | Mangled by a manticore

Vault maps used:
D:1:      dpeg_arrival_simpleton_c, minmay_octomino_c4
D:2:      first_bread
D:4:      minmay_temple_entry_trees, kennysheep_generic_room_12,
          uniq_blork_the_orc
D:5:      portal_sewer_entry_e, serial_shops, nicolae_shop_trees,
          hangedman_decor_opposing, tso_metal_star
D:6:      nrook_uturn, fedhas_altar_3
D:7:      nicolae_overflow_hidden_temple
D:8:      uniq_erica, uniq_prince_ribbit1
D:9:      lair_entry_dummy, hangedman_fish_farm
D:10:     david_orc_4, kennysheep_cross_room
D:12:     enter_bailey_3, minmay_unpleasant_kobolds
D:13:     portal_ice_cave_entry_animals_and_master, moated_statue, uniq_sonja
D:14:     erik_vaults_2, corexii_corridor_pit, lab_entry_generic, uniq_roxanne,
          uniq_rupert
Temple:   regret_index_temple_sigil_plot
Sewer:    sewer_the_crocodile
Bailey:   bailey_polearm_5, bailey

Skill      XL: |  1  2  3  4  5  6  7  8  9 10 11 12 13 |
---------------+----------------------------------------+-----
Dodging        | 1 2 3 4 5 6 8 9 10 | 10.6
Fighting       | 5 6 7 8 9 10 11 12 | 12.8
Long Blades    | 3 5 7 9 11 12 13 | 13.6
Evocations     | 2 3 5 6 8 9 |  9.8
Axes           | |  1.0
Maces & Flails | |  3.0
Throwing       | |  1.0
Stealth        | |  1.0

Action                   |  1- 3 |  4- 6 |  7- 9 | 10-12 | 13-15 || total
-------------------------+-------+-------+-------+-------+-------++-------
Melee: Mace              |   109 |    42 |    14 |       |       ||   165
       Tailslap          |    12 |    17 |    38 |   141 |    26 ||   234
       Dagger            |     4 |   164 |       |       |       ||   168
       Unarmed           |       |    10 |       |       |       ||    10
       Long sword        |       |       |   256 |   689 |       ||   945
       Great sword       |       |       |       |    66 |   125 ||   191
 Abil: Breathe Fire      |       |       |     4 |    21 |     3 ||    28
Evoke: Wand              |       |       |     2 |    26 |       ||    28
  Use: Scroll            |       |     3 |     3 |    20 |     3 ||    29
       Potion            |       |     3 |       |     2 |     1 ||     6
 Stab: Sleeping          |     2 |     6 |     5 |     8 |     1 ||    22
       Distracted        |       |       |     1 |     2 |     3 ||     6
       Confused          |       |       |       |     1 |       ||     1
  Eat: Chunk             |     1 |     5 |       |       |       ||     6
       Fruit             |       |     5 |     6 |     4 |       ||    15
       Royal jelly       |       |     1 |     2 |       |       ||     3
       Meat ration       |       |       |       |     5 |     1 ||     6
       Bread ration      |       |       |       |     4 |       ||     4
Armor: Skin              |    48 |    91 |    86 |   184 |    49 ||   458
Dodge: Dodged            |   110 |   127 |   175 |   698 |   121 ||  1231
       Rpst.: Long sword |       |       |    45 |   149 |       ||   194
       Great sword       |       |       |       |    20 |    25 ||    45
